Map: Temple of the Past

Players

Takker

  • Race: Protoss Protoss
  • League: Silver
  • Spawn Location: 0:00

Zorax

  • Race: Zerg Zerg
  • Spawn Location: 0:00

VOD

Have the link to the VOD?

Description

Time

  • Played on: May 27, 2019, 3:01 p.m.
  • Length: 14:17
Show
View Real Time Build Order
Export as new Build Order

Takker Protoss 

Build Orders:  

Get SALT Encoding   

  12  0:03  Probe (Chrono Boost)  
  13  0:17  Probe (Chrono Boost)  
  14  0:31  Probe (Chrono Boost)  
  15  0:45  Probe (Chrono Boost), Xel'Naga Passageway  
  16  0:59  Probe (Chrono Boost)  
  17  1:13  Probe (Chrono Boost)  
  18  1:27  Probe (Chrono Boost)  
  19  1:41  Probe (Chrono Boost)  
  19  1:48  Xel'Naga Passageway  
  20  1:51  Xel'Naga Passageway  
  20  1:54  Probe (Chrono Boost)  
  21  2:08  Probe (Chrono Boost)  
  22  2:22  Probe (Chrono Boost)  
  22  2:25  Xel'Naga Ambusher  
  25  2:57  Xel'Naga Ambusher  
  27  3:06  Xel'Naga Ambusher  
  20  3:10  Probe (Chrono Boost)  
  30  3:46  Xel'Naga Ambusher  
  32  4:23  Xel'Naga Ambusher  
  34  4:41  Ancient Nexus  
  34  5:13  Xel'Naga Passageway  
  34  5:14  Xel'Naga Passageway  
  34  5:26  Core Forge  
  34  5:41  Xel'Naga Ambusher  
  36  5:59  Probe (Chrono Boost)  
  36  6:04  Probe (Chrono Boost)  
  38  6:13  Probe (Chrono Boost)  
  38  6:18  Probe (Chrono Boost)  
  40  6:27  Probe (Chrono Boost)  
  41  6:31  Tesseract Cannon  
  41  6:41  Probe (Chrono Boost)  
  42  7:18  Xel'Naga Shieldguard  
  42  7:19  Xel'Naga Shieldguard, Xel'Naga Ambusher x2  
  46  7:41  Tesseract Cannon  
  46  8:09  Xel'Naga Shieldguard, Xel'Naga Ambusher x2  
  52  8:18  Probe x2 (Chrono Boost)  
  54  8:32  Probe x2 (Chrono Boost)  
  56  8:46  Xel'Naga Shieldguard x2  
  60  8:58  Probe x2 (Chrono Boost)  
  62  9:12  Probe x2 (Chrono Boost)  
  64  9:25  Probe (Chrono Boost)  
  64  9:26  Probe (Chrono Boost)  
  66  9:41  Serdath Legion  
  66  9:50  Xel'Naga Ambusher  
  66  9:51  Xel'Naga Shieldguard, Xel'Naga Ambusher  
  66  9:52  Xel'Naga Shieldguard  
  80  10:40  Xel'Naga Shieldguard x2, Xel'Naga Ambusher  
  80  10:41  Xel'Naga Ambusher x2  
  74  12:01  Probe (Chrono Boost)  
  75  12:12  Xel'Naga Ambusher x2  
  75  12:13  Xel'Naga Ambusher x2  
  75  12:14  Xel'Naga Shieldguard  
  77  12:32  Xel'Naga Shieldguard  
  77  12:33  Xel'Naga Shieldguard, Xel'Naga Passageway  
  77  12:34  Xel'Naga Passageway  
  77  12:38  Xel'Naga Passageway  
  71  12:41  Xel'Naga Passageway  
  71  12:42  Tesseract Cannon  
  71  12:46  Tesseract Cannon  
  55  13:07  Xel'Naga Ambusher  
  55  13:09  Xel'Naga Shieldguard x2  
  61  13:20  Xel'Naga Shieldguard, Xel'Naga Ambusher  
  65  13:40  Serdath Legion  
Show
View Real Time Build Order
Export as new Build Order

Zorax Zerg 

Build Orders:  

Get SALT Encoding   

  12  0:03  Drone  
  13  0:18  Overlord  
  13  0:25  Drone  
  14  0:45  Extractor, Drone x2  
  14  0:48  Drone  
  16  1:02  Drone  
  17  1:16  Spawning Pool  
  17  1:19  Drone  
  17  1:32  Drone  
  18  1:46  Queen  
  18  1:47  Drone  
  21  2:02  Drone  
  22  2:12  Extractor  
  22  2:17  Overlord  
  21  2:34  Drone  
  22  2:46  Lair  
  22  2:55  Drone  
  23  3:03  Drone  
  24  3:25  Drone  
  25  3:39  Drone  
  26  3:48  Evolution Chamber  
  25  3:50  Overlord  
  25  4:04  Drone  
  26  4:13  Drone x3  
  26  4:14  Drone  
  30  4:24  Hydralisk Den  
  29  4:37  Drone  
  30  4:48  Chain Reaction  
  30  5:08  Hatchery  
  29  5:42  Hive  
  29  5:52  Drone x3  
  29  5:53  Drone x3  
  35  6:11  Drone  
  36  6:31  Extractor  
  36  6:32  Extractor  
  36  6:34  Drone x2  
  36  6:44  Heroic Fortitude  
  36  7:25  Drone  
  36  7:26  Drone  
  36  7:27  Drone x4  
  44  7:44  Hydralisk  
  44  7:45  Overlord x3  
  44  7:51  Ability Efficiency  
  44  8:26  Hydralisk x2  
  48  8:30  Greater Spire  
  48  8:48  Drone x2  
  48  8:49  Hydralisk x3, Drone x3  
  53  8:58  Lurker x3, Spire  
  55  9:21  Drone x2  
  55  9:23  Overlord  
  55  9:24  Overlord  
  57  9:57  Lurker x2  
  57  9:58  Lurker  
  57  10:19  Lurker x2  
  54  10:44  Drone x2  
  54  10:45  Drone x2  
  54  10:48  Hydralisk x3  
  54  10:49  Hydralisk x3  
  67  11:36  Hydralisk x2  
  56  12:25  Hydralisk  
  56  12:26  Hydralisk  
  64  12:34  Lurker  
  64  12:35  Lurker  
  66  12:52  Lurker x2  
  66  12:53  Unknown x4  
  66  12:54  Hydralisk  
  51  13:04  Unknown  
  44  13:18  Hydralisk  
Tags
 
Add a new tag
Caveats
  • Supply blocks, unpowered buildings, or Contaminate may cause inaccurate times.
  • Supply counts are checked every 10 seconds.